 Dungeon Crawl Stone Soup version 0.32-a0-131-g9dbbe29261 (webtiles) character file.

Game seed: 11712503657488145641

1599 Dittersdorf the Shield-Bearer (level 8, -6/52 HPs)
             Began as a Gargoyle Fighter on Feb 8, 2024.
             Mangled by an orc warrior
             ... wielding a +0 glaive
              (8 damage)
             ... on level 6 of the Dungeon.
             The game lasted 00:05:21 (5252 turns).

Dittersdorf the Shield-Bearer (Gargoyle Fighter)    Turns: 5252, Time: 00:05:21

Health: -6/52      AC: 14    Str: 22    XL:     8   Next: 94%
Magic:  8/8        EV: 14    Int:  9    God:
Gold:   260        SH:  6    Dex: 15    Spells: 7/7 levels left

rFire   . . .        k - +2 flail (heavy)
rCold   . . .        c - +0 buckler
rNeg    + . .        b - +0 scale mail
rPois   ∞            (no helmet)
rElec   +            s - +0 cloak
rCorr   .            (no gloves)
SInv    .            (no boots)
Will    .....        (no amulet) Stlth
                     r - +5 ring of evasion
HPRegen 0.28/turn    o - +6 ring of dexterity
MPRegen 0.11/turn

%: no passive effects
@: no status effects
A: sickness immunity, AC +5, negative energy resistance 1, electricity
resistance, torment resistance 1, petrification resistance
a: no special abilities


You were on level 6 of the Dungeon.
You visited 1 branch of the dungeon, and saw 6 of its levels.

You collected 260 gold pieces.

Inventory:

Hand Weapons
 k - a +2 heavy flail (weapon)
Missiles
 x - a curare-tipped dart (quivered)
Armour
 b - a +0 scale mail (worn)
 c - a +0 buckler (worn)
 s - a +0 cloak (worn)
Jewellery
 i - a ring of protection from cold
 o - a +6 ring of dexterity (right hand)
 r - a +5 ring of evasion (left hand)
 u - a ring of ice
Wands
 n - a wand of acid (3)
 y - a wand of flame (22)
Scrolls
 a - a scroll of brand weapon
 g - 2 scrolls of poison {unknown}
 h - 4 scrolls of fear
 l - 2 scrolls of teleportation {unknown}
Potions
 d - 2 potions of might
 p - 2 potions of cancellation {unknown}
 q - a potion of degeneration {unknown}
 t - 2 potions of invisibility
 w - a potion of mutation
 z - a potion of berserk rage
 A - a potion of heal wounds
 C - a potion of ambrosia


   Skills:
 + Level 6.8 Fighting
 + Level 5.7 Maces & Flails
 + Level 6.8 Armour
 + Level 6.8 Shields


You had 7 spell levels left.
You didn't know any spells.
Your spell library contained the following spells:

 Spells                   Type           Power      Damage    Failure   Level
 Slow                     Hex            0%         N/A       75%         1
 Confusing Touch          Hex            0%         N/A       98%         3
 Sigil of Binding         Hex            0%         N/A       98%         3
 Vampiric Draining        Necr           0%         2d6       98%         3


Dungeon Overview and Level Annotations

Branches:
Dungeon (6/15)
 Temple: D:4-7

Altars:
Cheibriados
Elyvilon
Makhleb
Nemelex Xobeh
Trog
Uskayaw
Wu Jian
Xom
Yredelemnul


Innate Abilities, Weirdness & Mutations

You are immune to sickness and miasma.
Your stone body is resilient. (AC +5)
You are immune to poison.
You resist negative energy. (rN+)
You are resistant to electric shocks. (rElec)
You are resistant to unholy torment.
You are immune to petrification.


Message History

You block the orc priest's attack. The orc warrior barely misses you.
The orc hits you with a +0 hand axe.
The orc priest hits you with a +0 hand axe.
You block the orc warrior's attack. The orc closely misses you.
You sock the orc priest!
You kill the orc priest!
The orc hits you but does no damage. You block the orc warrior's attack.
The orc warrior closely misses you. The orc barely misses you.
There is a stone staircase leading up, spattered with blood here.
Items here: )) [ ††.
You block the orc warrior's attack. The orc attacks as it pursues you!
The orc closely misses you.
You bludgeon the orc!!
You kill the orc!
The orc warrior closely misses you. The orc warrior barely misses you.
The orc warrior misses you.
There is a stone staircase leading up, spattered with blood here.
Items here: ))) [ †††.
The orc warrior hits you but does no damage.
The orc warrior hits you with a +0 glaive!
There is a stone staircase leading up, spattered with blood here.
Items here: ))) [ †††.
You barely miss the orc warrior. The orc warrior misses you.
The orc warrior barely misses you.
You completely miss the orc warrior. The orc warrior misses you.
You hit the orc warrior but do no damage.
The orc warrior hits you but does no damage.
The orc warrior hits you with a +0 glaive!
You closely miss the orc warrior. The orc warrior barely misses you.
You closely miss the orc warrior. You block the orc warrior's attack.
The orc warrior hits you with a +0 glaive!
* * * LOW HITPOINT WARNING * * *
You bludgeon the orc warrior!!
The orc warrior is almost dead.
You block the orc warrior's attack. The orc warrior misses you.
You hit the orc warrior.
The orc warrior is almost dead.
The orc warrior completely misses you.
The orc warrior hits you with a +0 glaive!
You die...

****** *,,,,,,,,,** *,*
****** ##.#####.######,*
,,,,,****##.############,*
,,,,,,,,,...############,*
,,,,,****##########.....,*
,,,,,* ##########.####,*
,,,,,*
##########.####<*******
,,,,,*
##......##.##..,,,,,,,*
,,,,,*
##.####@##.##.#,*****,*
,,,*** ##.####.o......,*
*,* ,,,* ##.#.....######**
*,* ,,,* ##.#.##.#######
*,* ,,,* ##......#######
*,* ,,,* ##......#######*
***,**
,,,******##...##.##.....*
*,,,,,
,,,,,,,,,........##.....*
*,*,,*
,,,,,,,,,....,,...,,,,,,*
*,**,*


You could see an orc warrior.

Vanquished Creatures
  A slime creature (D:5)
  2 ogres (D:5)
  3 phantoms
  2 kobold brigands (D:5)
  A scorpion (D:5)
  A bullfrog zombie (D:4)
  5 hounds
  6 jellies (D:5)
  A bombardier beetle (D:4)
  An orc priest (D:6)
  2 iguanas
  Jessica (D:2)
  Ijyb (D:3)
  Natasha (thrice) (D:2)
  An orc wizard (D:3)
  A scorpion zombie (D:4)
  A hound zombie (D:4)
  A hound skeleton (D:4)
  6 adders
  3 adder zombies (D:4)
  An adder skeleton (D:4)
  7 dart slugs
  2 ribbon worms
  8 orcs
  8 endoplasms
  2 giant cockroaches
  7 goblins
  5 hobgoblins
  10 jackals
  10 kobolds
  3 quokkas
  7 ball pythons
  6 bats
  3 frilled lizards
  A quokka skeleton (D:4)
  A quokka zombie (D:4)
  3 rats
127 creatures vanquished.

Notes
Turn   | Place    | Note
-------+----------+-------------------------------------------
     0 | D:1      | Dittersdorf the Gargoyle Fighter began the quest for the
                  | Orb.
     0 | D:1      | Reached XP level 1. HP: 14/14 MP: 1/1
   177 | D:1      | Reached XP level 2. HP: 18/19 MP: 2/2
   650 | D:1      | Reached XP level 3. HP: 23/23 MP: 3/3
   841 | D:2      | Noticed Jessica
   852 | D:2      | Killed Jessica
   853 | D:2      | Reached XP level 4. HP: 28/29 MP: 4/4
  1215 | D:2      | Noticed Natasha
  1223 | D:2      | Killed Natasha
  1224 | D:2      | Reached XP level 5. HP: 23/33 MP: 5/5
  1410 | D:2      | Noticed Natasha
  1421 | D:2      | Killed Natasha
  1584 | D:3      | Found a white marble altar of Elyvilon.
  1592 | D:3      | Noticed Ijyb
  1606 | D:3      | Killed Ijyb
  1742 | D:2      | Noticed Natasha
  1747 | D:2      | Killed Natasha
  2446 | D:3      | Reached XP level 6. HP: 39/39 MP: 6/6
  2604 | D:3      | Found a faded altar of an unknown god.
  2656 | D:3      | Found an ornate altar of the Wu Jian Council.
  3262 | D:4      | Reached skill level 5 in Armour
  3262 | D:4      | Reached skill level 5 in Shields
  3283 | D:4      | Reached skill level 5 in Fighting
  3314 | D:4      | Reached XP level 7. HP: 37/44 MP: 7/7
  3471 | D:4      | Found a basalt altar of Yredelemnul.
  3898 | D:5      | Entered Level 5 of the Dungeon
  4116 | D:5      | Reached XP level 8. HP: 51/51 MP: 8/8
  4381 | D:5      | Reached skill level 5 in Maces & Flails
  4416 | D:5      | Noticed a slime creature
  4429 | D:5      | Killed a slime creature
  4611 | D:5      | Found a sparkling altar of Nemelex Xobeh.
  4611 | D:5      | Found a shimmering altar of Xom.
  4611 | D:5      | Found a snail-covered altar of Cheibriados.
  4611 | D:5      | Found a hide-covered altar of Uskayaw.
  4611 | D:5      | Found a burning altar of Makhleb.
  4611 | D:5      | Found a bloodstained altar of Trog.
  5250 | D:6      | HP: 1/52 [orc warrior/+0 glaive (17)]
  5252 | D:6      | Mangled by an orc warrior

Illustrated notes

Levels and vault maps discovered:
D:1:      mrwooster_arrival_statue_3, layout_loops_ring
D:2:      layout_loops_ring, minmay_misc_feat_columns, uniq_natasha,
          uniq_jessica
D:3:      layout_basic, nicolae_elyvilon_peaceful_grove, lemuel_round_altar,
          shapermc_ecumenical_altar_venn, uniq_ijyb
D:4:      layout_loops_corners, mainiacjoe_overflow_alcove_1, serial_undead,
          serial_undead_a, serial_undead_b, serial_undead_a, serial_undead_e,
          chequers_hall_statues_wall_a
D:5:      cheibrodos_fertilizer, layout_loops_corners
D:6:      layout_loops_cross, lemuel_coloured_pillars_altar,
          general_overflow_altar, hangedman_decor_opposing

Skill      XL: |  1  2  3  4  5  6  7  8 |
---------------+-------------------------+-----
Shields        | 4 5 6 |  6.8
Armour         | 4 5 6 |  6.8
Fighting       | 4 5 6 |  6.8
Maces & Flails | 3 4 5 |  5.7

Action                     |  1- 3 |  4- 6 |  7- 9 || total
---------------------------+-------+-------+-------++-------
  Melee: Flail             |   118 |   157 |   201 ||   476
    Use: Scroll            |       |       |    12 ||    12
 Armour: Scale mail        |    84 |   124 |    99 ||   307
  Dodge: Dodged            |    74 |    74 |   145 ||   293
  Block: Buckler           |    29 |    35 |    59 ||   123

Table legend: (Time is in decaauts)
 A = Elapsed time spent in this place.
 B = Non-inter-level travel time spent in this place.
 C = Inter-level travel time spent in this place.
 D = Time resting spent in this place.
 E = Time spent auto-exploring this place.
 F = Levels seen in this place.
 G = Mean time per level.
                   A        B        C        D        E       F      G
               +--------+--------+--------+--------+--------+-----+--------+
         Total |   5396 |   5065 |    331 |    296 |   3749 |   6 |  899.3 |
       Dungeon |   5396 |   5065 |    331 |    296 |   3749 |   6 |  899.3 |
               +--------+--------+--------+--------+--------+-----+--------+

Top non-repeatable levels by time:
     D:2: 1481 daAuts
     D:5: 1277 daAuts
     D:4: 1083 daAuts
     D:1: 770 daAuts
     D:3: 730 daAuts
     D:6: 53 daAuts
